 Dungeon Crawl Stone Soup version 0.28.0-45-g0d030f2227 (webtiles) character file.

Game seed: 11841428766363573212

196 Ablot the Cutter (level 5, -1/70 HPs)
             Began as a Gnoll Chaos Knight on Apr 12, 2022.
             Was a Plaything of Xom.
             Slain by a river rat (10 damage)
             ... on level 3 of the Dungeon.
             The game lasted 00:03:02 (2577 turns).

Ablot the Cutter (Gnoll Chaos Knight)               Turns: 2577, Time: 00:03:03

Health: -1/70      AC:  5    Str: 13    XL:     5   Next: 75%
Magic:  7/7        EV: 12    Int: 12    God:    Xom [....*.]
Gold:   73         SH:  0    Dex: 11    Spells: 7/7 levels left

rFire   . . .      SeeInvis .   a - +0 short sword (chaos)
rCold   . . .      Faith    .   (no shield)
rNeg    . . .      Spirit   .   b - +2 leather armour
rPois   .          Reflect  .   (no helmet)
rElec   .          Harm     .   (no cloak)
rCorr   .          Rampage  .   (no gloves)
Will    .....                   (no boots)
Stlth   ..........              (no amulet)
HPRegen 0.21/turn               (no ring)
MPRegen 0.10/turn               (no ring)

@: confused, berserking (expiring), very quick
A: fangs 1, strong nose, distributed training
a: Renounce Religion


You were on level 3 of the Dungeon.
You worshipped Xom.
You were a beloved toy of Xom.
You visited 1 branch of the dungeon, and saw 3 of its levels.

You collected 73 gold pieces.

Inventory:

Hand Weapons
 a - a +0 short sword of chaos (weapon)
Missiles
 c - 53 stones
 e - 14 bolts
 f - 4 javelins
 g - 3 poisoned darts (quivered)
 l - 14 sling bullets
Armour
 b - a +2 leather armour (worn)
Scrolls
 d - a scroll of brand weapon {unknown}
 i - a scroll of torment {unknown}
 j - 3 scrolls of vulnerability {unknown}
 k - a scroll of enchant weapon {unknown}
 m - a scroll of identify {unknown}
Potions
 h - a potion of attraction {unknown}
 n - a potion of lignification {unknown}


   Skills:
 + Level 6.7 Fighting
 + Level 6.7 Short Blades
 + Level 1.6 Long Blades
 + Level 1.6 Axes
 + Level 1.6 Maces & Flails
 + Level 1.6 Polearms
 + Level 1.6 Staves
 + Level 1.6 Slings
 + Level 1.6 Bows
 + Level 1.6 Crossbows
 + Level 1.6 Throwing
 + Level 4.8 Armour
 + Level 3.0 Dodging
 + Level 1.6 Stealth
 + Level 1.6 Shields
 + Level 1.6 Unarmed Combat
 + Level 1.6 Spellcasting
 + Level 1.3 Conjurations
 + Level 1.3 Hexes
 + Level 1.3 Summonings
 + Level 1.3 Necromancy
 + Level 1.3 Translocations
 + Level 1.3 Transmutations
 + Level 1.3 Fire Magic
 + Level 1.3 Ice Magic
 + Level 1.3 Air Magic
 + Level 1.3 Earth Magic
 + Level 1.3 Poison Magic
 + Level 1.8 Invocations
 + Level 1.6 Evocations


You had 7 spell levels left.
You didn't know any spells.
Your spell library contained the following spells:

 Spells                   Type           Power      Damage    Failure   Level
 Magic Dart               Conj           16%        1d3       21%         1
 Call Imp                 Summ           4%         N/A       30%         2
 Searing Ray              Conj           8%         2d4       30%         2
 Mephitic Cloud           Conj/Pois/Air  4%         N/A       52%         3
 Fulminant Prism          Conj/Hex       2%         3d6       90%         4


Dungeon Overview and Level Annotations

Branches:
Dungeon (3/15)

Altars:


Innate Abilities, Weirdness & Mutations

You have very sharp teeth.
Your uncanny sense of smell can sniff out nearby items.
Your experience applies equally to all skills.


Message History

You hit the orc.
The orc is severely wounded.
The orc barely misses you.
You hit the orc but do no damage.
The orc is severely wounded.
The orc hits you but does no damage.
You hit the orc but do no damage. Your bite misses the orc.
The orc is severely wounded.
You hit the orc.
You kill the orc!
The orc enters a dispersal trap!
The orc wizard blinks!
The orc priest blinks!
The orc blinks!
The river rat blinks!
The orc wizard blinks!
The river rat blinks!
Things that are here:
a +1 short sword of protection; 3 boomerangs; 17 gold pieces The orc wizard gestures at you while chanting.
You are confused. "Go forth and cause havoc, mortal!"
A red film seems to cover your vision as you go berserk!
You feel yourself moving faster!
You feel mighty!
You bump into the rock wall.
Xom grants you insight.
You detect creatures!
You are now a beloved toy of Xom.
You bump into the rock wall.
You feel a strong urge to attack something.
You puncture the orc wizard!
The orc wizard is poisoned.
The orc wizard is severely wounded.
The orc hits you but does no damage.
The orc priest calls upon Beogh to heal the orc wizard.
The orc wizard is healed somewhat.
The orc wizard hits you but does no damage.
The orc throws a stone.
The stone closely misses you.
The stone hits the orc wizard.
You hit the orc.
The orc is poisoned.
The orc is severely wounded.
You kill the orc!
The river rat bites you!
You die...
Xom is highly amused!

#.#.###>...........
#.#.###############
#######'#.......#
#........######.#
#...............##
###........##......########.#
#...........................#
...................##########
.......o........@o.#
.....##.....o...r).#
.....##..........).#
.....##......o..####
.....######.....#
......†...^.....#
....≈≈########### ...≈≈≈# w
....#≈#


You could see an orc priest, an orc wizard (very poisoned), a river rat (strong,
agile) and an orc.

Vanquished Creatures
  2 orc priests (D:3)
  Terence (D:2)
  6 adders
  A worm (D:2)
  2 dart slugs
  5 orcs (D:3)
  4 ball pythons
  7 bats
  5 endoplasms
  4 giant cockroaches
  4 goblins
  2 hobgoblins
  3 kobolds (D:1)
  A frilled lizard (D:1)
  5 rats
52 creatures vanquished.

Notes
Turn   | Place    | Note
-------+----------+-------------------------------------------
     0 | D:1      | Ablot the Gnoll Chaos Knight began the quest for the Orb.
     0 | D:1      | Reached XP level 1. HP: 23/23 MP: 1/1
    21 | D:1      | XOM: divination: detect items
    85 | D:1      | XOM: confuse monster(s)
    87 | D:1      | Reached XP level 2. HP: 12/29 MP: 2/2
   318 | D:1      | XOM: god gift: book of Conjurations
   639 | D:1      | Found a faded altar of an unknown god.
   647 | D:1      | Reached XP level 3. HP: 35/35 MP: 3/3
   738 | D:1      | XOM: silly message
  1084 | D:2      | Reached skill level 1 in Invocations
  1286 | D:2      | Reached skill level 1 in Long Blades
  1286 | D:2      | Reached skill level 1 in Axes
  1286 | D:2      | Reached skill level 1 in Maces & Flails
  1286 | D:2      | Reached skill level 1 in Polearms
  1286 | D:2      | Reached skill level 1 in Staves
  1286 | D:2      | Reached skill level 1 in Slings
  1286 | D:2      | Reached skill level 1 in Bows
  1286 | D:2      | Reached skill level 1 in Crossbows
  1286 | D:2      | Reached skill level 1 in Throwing
  1286 | D:2      | Reached skill level 1 in Stealth
  1286 | D:2      | Reached skill level 1 in Shields
  1286 | D:2      | Reached skill level 1 in Unarmed Combat
  1286 | D:2      | Reached skill level 1 in Spellcasting
  1286 | D:2      | Reached skill level 1 in Evocations
  1395 | D:2      | Reached XP level 4. HP: 33/41 MP: 5/5
  1516 | D:2      | XOM: divination: detect items
  1570 | D:2      | Noticed Terence
  1585 | D:2      | XOM: swap monsters
  1600 | D:2      | Killed Terence
  1601 | D:2      | Reached skill level 1 in Conjurations
  1601 | D:2      | Reached skill level 1 in Hexes
  1601 | D:2      | Reached skill level 1 in Summonings
  1601 | D:2      | Reached skill level 1 in Necromancy
  1601 | D:2      | Reached skill level 1 in Translocations
  1601 | D:2      | Reached skill level 1 in Transmutations
  1601 | D:2      | Reached skill level 1 in Fire Magic
  1601 | D:2      | Reached skill level 1 in Ice Magic
  1601 | D:2      | Reached skill level 1 in Air Magic
  1601 | D:2      | Reached skill level 1 in Earth Magic
  1601 | D:2      | Reached skill level 1 in Poison Magic
  2063 | D:3      | Reached XP level 5. HP: 47/47 MP: 6/6
  2135 | D:3      | HP: 2/47 [orc priest/+0 club (1)]
  2544 | D:3      | XOM: silly message
  2571 | D:3      | XOM: potion effect (berserk rage)
  2572 | D:3      | XOM: divination: detect creatures
  2577 | D:3      | Slain by a river rat

Illustrated notes

Levels and vault maps discovered:
D:1:      eino_arrival_druids_welcome, layout_loops_ring,
          shapermc_ecumenical_altar_notcrosses, roderic_three_in_a_row,
          grunt_decor_clamped
D:2:      layout_rooms, amethyst_killhole, serial_bayou_pond_e, st_stairs_6,
          uniq_terence
D:3:      layout_basic, lightli_sewer_entry_pipes

Skill      XL: |  1  2  3  4  5 |
---------------+----------------+-----
Invocations    | 1 |  1.8
Long Blades    | 1 |  1.6
Axes           | 1 |  1.6
Maces & Flails | 1 |  1.6
Polearms       | 1 |  1.6
Staves         | 1 |  1.6
Slings         | 1 |  1.6
Bows           | 1 |  1.6
Crossbows      | 1 |  1.6
Throwing       | 1 |  1.6
Stealth        | 1 |  1.6
Shields        | 1 |  1.6
Unarmed Combat | 1 |  1.6
Spellcasting   | 1 |  1.6
Evocations     | 1 |  1.6
Conjurations   | 1 |  1.3
Hexes          | 1 |  1.3
Summonings     | 1 |  1.3
Necromancy     | 1 |  1.3
Translocations | 1 |  1.3
Transmutations | 1 |  1.3
Fire Magic     | 1 |  1.3
Ice Magic      | 1 |  1.3
Air Magic      | 1 |  1.3
Earth Magic    | 1 |  1.3
Poison Magic   | 1 |  1.3
Dodging        | 3 |  3.0
Fighting       | |  6.7
Short Blades   | |  6.7
Armour         | |  4.8

Action                   |  1- 3 |  4- 6 || total
-------------------------+-------+-------++-------
Melee: Short sword       |    80 |    82 ||   162
       Bite              |     8 |     3 ||    11
       Punch             |     1 |     2 ||     3
Throw: Dart              |       |     4 ||     4
 Stab: Paralysed         |     1 |       ||     1
Armor: Leather armour    |    33 |    11 ||    44
Dodge: Dodged            |    42 |    25 ||    67
